AoeStats
← wascue

Lombardia

507120956Analyzed
4v4 RM · 15d ago on Sep 16, 2026· 65m 13s· 8 players
Game mode
Random Map
Map size
Large (8 player)
Population
200
Speed
Normal
Resources
Standard
Victory
Conquest
Starting age
Dark Age
Ending age
Imperial Age
RankedLock teamsTeams togetherTeam positionsShared explorationLock speedFull tech treeHidden civsTurbo modeCheats
Victory
Defeat
🇲🇽 Japanese · Mexico
978
+14
🇩🇪 Mapuche · Germany
946
+15
🇩🇪 Ethiopians · Germany
944
+40
🇹🇷 Spanish · Türkiye
866
+19
🇨🇱 Malay · Chile
976
-18
🇪🇸 Spanish · Spain
928
-16
🇩🇪 Sicilians · Germany
917
-15
🇧🇷 Magyars · Brazil
912
-15
marcospett
0:38 Loom
12:18 Feudal Age
13:37 Wheelbarrow
12:45 Horse Collar
12:53 Double-Bit Axe
13:13 Stone Mining
24:55 Castle Age
23:27 Scale Barding Armor
23:22 Scale Mail Armor
23:33 Forging
23:14 Fletching
23:24 Padded Archer Armor
25:57 Bow Saw
26:57 Hand Cart
27:17 Caravan
27:15 Gold Mining
28:04 Stone Shaft Mining
27:53 Husbandry
28:03 Bloodlines
33:42 Chain Barding Armor
33:38 Chain Mail Armor
33:58 Iron Casting
33:19 Bodkin Arrow
33:40 Leather Archer Armor
36:22 Imperial Age
35:43 Fortified Wall
35:28 Murder Holes
35:44 Masonry
38:09 Two-Man Saw
36:36 Cavalier
37:38 Conscription
38:00 Plate Barding Armor
37:56 Plate Mail Armor
38:27 Blast Furnace
37:27 Bracer
38:36 Hoardings
38:09 Heavy Plow
38:15 Paladin
40:02 Architecture
40:32 Chemistry
40:31 Ring Archer Armor
60:11 Light Cavalry
Heftilus
12:02 Feudal Age
10:18 Loom
16:51 Castle Age
14:43 Double-Bit Axe
16:04 Horse Collar
17:59 Bow Saw
26:30 Caravan
33:11 Imperial Age
31:19 Wheelbarrow
31:05 Gold Mining
31:07 Stone Mining
31:25 Heavy Plow
32:16 Hand Cart
32:57 First Crusade
32:41 Squires
32:26 Arson
33:34 Gold Shaft Mining
33:13 Town Watch
34:19 Stone Shaft Mining
34:24 Conscription
33:36 Pikeman
33:39 Capped Ram
35:22 Chemistry
34:49 Ballistics
35:36 Town Patrol
36:50 Crop Rotation
36:19 Fletching
36:31 Murder Holes
36:47 Masonry
36:23 Arrowslits
36:59 Elite Serjeant
38:21 Hoardings
37:09 Halberdier
37:48 Bodkin Arrow
37:56 Scale Mail Armor
38:27 Siege Ram
40:08 Forging
39:59 Bracer
39:59 Padded Archer Armor
40:15 Chain Mail Armor
40:24 Chain Mail Armor
40:18 Siege Engineers
40:04 Onager
41:47 Coinage
41:28 Guilds
44:33 Siege Onager
46:01 Plate Mail Armor
46:06 Iron Casting
45:46 Cavalier
46:26 Husbandry
46:38 Scale Barding Armor
46:33 Padded Archer Armor
50:35 Blast Furnace
51:03 Hauberk
50:51 Man-at-Arms
51:17 Gambesons
51:54 Chain Barding Armor
51:47 Bloodlines
52:42 Banking
54:05 Devotion
54:23 Leather Archer Armor
54:45 Plate Barding Armor
54:29 Sappers
60:01 Faith
60:07 Illumination
59:05 Long Swordsman
59:07 Heavy Scorpion
60:09 Shipwright
59:55 Siphons
60:04 Clinker Construction
60:05 Careening
59:47 Heated Shot
59:21 Light Cavalry
61:44 Two-Handed Swordsman
CL.CKrugger
5:17 Loom
11:20 Feudal Age
11:12 Double-Bit Axe
19:02 Castle Age
20:35 Forging
29:42 Fletching
30:07 Elite Skirmisher
31:30 Wheelbarrow
32:26 Bodkin Arrow
32:31 Padded Archer Armor
36:20 Hand Cart
43:34 Imperial Age
Jairzin
12:27 Feudal Age
13:31 Double-Bit Axe
15:55 Bloodlines
15:53 Scale Barding Armor
16:27 Horse Collar
22:01 Castle Age
23:12 Bow Saw
22:29 Light Cavalry
23:09 Husbandry
26:59 Gold Mining
30:42 Chain Barding Armor
32:10 Gold Shaft Mining
36:13 Imperial Age
37:30 Conscription
37:51 Plate Barding Armor
38:06 Cavalier
38:39 Hussar
42:29 Two-Man Saw
SirRichy2013
2:30 Loom
12:39 Feudal Age
17:36 Castle Age
16:23 Double-Bit Axe
16:30 Gold Mining
16:31 Stone Mining
16:30 Horse Collar
19:56 Pikeman
27:36 Forging
27:26 Scale Mail Armor
30:54 Scale Mail Armor
31:40 Squires
34:33 Wheelbarrow
39:08 Imperial Age
36:56 Hand Cart
36:28 Town Watch
37:51 Gold Shaft Mining
37:55 Iron Casting
37:35 Chain Mail Armor
39:01 Caravan
40:05 Capped Ram
41:51 Kataparuto
43:24 Plate Mail Armor
42:46 Fletching
42:58 Arson
44:04 Halberdier
46:23 Bow Saw
46:39 Bodkin Arrow
47:46 Blast Furnace
46:12 Elite Samurai
47:22 Bodkin Arrow
51:26 Bracer
55:12 Onager
56:42 Conscription
56:32 Scale Barding Armor
56:29 Padded Archer Armor
56:23 Elite Skirmisher
60:41 Chemistry
59:51 Masonry
61:02 Leather Archer Armor
Shark
11:10 Feudal Age
15:42 Castle Age
13:48 Double-Bit Axe
14:43 Horse Collar
17:07 Bow Saw
18:44 Wheelbarrow
18:15 Heavy Plow
18:11 Town Watch
18:20 Town Watch
20:21 Fletching
22:59 Loom
30:27 Bodkin Arrow
30:35 Padded Archer Armor
31:16 Hand Cart
32:33 Leather Archer Armor
36:48 Imperial Age
35:21 Stone Mining
35:23 Gold Mining
36:11 Ballistics
35:33 Treadmill Crane
36:03 Masonry
36:58 Town Patrol
37:00 Scale Mail Armor
38:23 Ring Archer Armor
39:24 Chain Mail Armor
40:14 Chemistry
39:20 Siege Engineers
39:37 Elite Bolas Rider
41:01 Plate Mail Armor
41:39 Stone Shaft Mining
41:39 Gold Shaft Mining
41:38 Crop Rotation
40:33 Pikeman
42:26 Butalmapu
43:43 Forging
44:18 Malon
44:39 Conscription
48:47 Iron Casting
49:16 Bombard Tower
55:51 Blast Furnace
56:53 Elite Skirmisher
59:54 Architecture
59:21 Murder Holes
M@xAttacks
3:29 Loom
10:53 Feudal Age
12:16 Double-Bit Axe
15:23 Castle Age
14:34 Horse Collar
14:47 Gold Mining
15:42 Crossbowman
22:20 Bow Saw
25:33 Heavy Plow
28:36 Wheelbarrow
27:46 Town Watch
30:21 Hand Cart
30:06 Town Patrol
30:03 Fletching
30:13 Padded Archer Armor
31:05 Thumb Ring
33:40 Bodkin Arrow
34:42 Gold Shaft Mining
35:23 Leather Archer Armor
38:23 Imperial Age
36:17 Ballistics
37:38 Stone Mining
38:25 Caravan
38:31 Arbalester
40:13 Chemistry
39:16 Bracer
39:46 Ring Archer Armor
40:19 Two-Man Saw
40:38 Conscription
40:50 Masonry
41:20 Forging
41:16 Scale Barding Armor
42:25 Architecture
42:01 Siege Engineers
43:35 Stone Shaft Mining
45:16 Murder Holes
46:03 Halberdier
47:23 Iron Casting
46:48 Scale Mail Armor
49:59 Blast Furnace
49:14 Chain Mail Armor
59:36 Squires
59:21 Arson
60:14 Royal Heirs
61:17 Chain Barding Armor
61:28 Plate Mail Armor
61:02 Husbandry
60:23 Heavy Camel Rider
wascue
0:33 Loom
11:39 Feudal Age
13:02 Wheelbarrow
12:21 Double-Bit Axe
12:17 Horse Collar
15:15 Wheelbarrow
20:00 Castle Age
17:59 Gold Mining
18:20 Stone Mining
20:55 Bow Saw
20:47 Heavy Plow
22:56 Hand Cart
29:24 Husbandry
29:35 Bloodlines
31:36 Ballistics
34:37 Imperial Age
34:07 Scale Barding Armor
34:12 Forging
35:27 Chain Barding Armor
34:48 Light Cavalry
36:30 Chemistry
36:34 Two-Man Saw
36:40 Conscription
36:14 Elite Conquistador
38:15 Iron Casting
38:31 Plate Barding Armor
40:35 Blast Furnace
39:09 Hussar
40:35 Stone Shaft Mining
40:52 Scale Mail Armor
40:27 Pikeman
41:08 Squires
40:53 Gambesons
40:53 Arson
41:22 Halberdier
41:52 Town Watch
42:59 Chain Mail Armor
44:41 Plate Mail Armor
44:12 Padded Archer Armor
44:02 Fletching
45:19 Town Patrol
47:25 Leather Archer Armor
47:05 Bodkin Arrow
50:41 Bracer
51:11 Ring Archer Armor
56:27 Caravan
64:15 Masonry
64:01 Murder Holes
Connection lost

Rejoining the realm…

Still unreachable

The connection could not be restored.

Session expired

The server has moved on; the page needs a fresh start.